 Dungeon Crawl Stone Soup version 0.31-a0-237-g2d982f9f85 (webtiles) character file.

Game seed: 1478359333598822326

2974 qw the Skirmisher (level 9, 0/82 (86) HPs)
             Began as a Minotaur Hexslinger on July 11, 2023.
             Was a Follower of Okawaru.
             Slain by a wight
             ... wielding a +3 mace
              (3 damage)
             ... on level 8 of the Dungeon.
             The game lasted 00:02:42 (7164 turns).

qw the Skirmisher (Minotaur Hexslinger)             Turns: 7164, Time: 00:02:42

HP:   0/82 (86)     AC:  9    Str: 18    XL:     9   Next: 53%
MP:   7/9           EV: 18    Int: 10    God:    Okawaru [*.....]
Gold: 358           SH:  0    Dex: 18    Spells: 9/10 levels left

rFire   . . .        Y - +1 sling (freeze)
rCold   + . .        (no shield)
rNeg    . . .        n - +0 steam dragon scales
rPois   .            (helmet restricted)
rElec   .            (no cloak)
rCorr   .            l - +0 pair of gloves
SInv    .            e - +0 pair of boots
Will    .....        (no amulet)
Stlth   +++          k - +6 ring of strength
HPRegen 0.33/turn    f - ring of protection from cold
MPRegen 0.11/turn

%: no passive effects
@: heroic, lightly drained
A: horns 2, retaliatory headbutt, low MP 1, robust 1, subdued magic 1
a: Renounce Religion, Heroism


You were on level 8 of the Dungeon.
You worshipped Okawaru.
Okawaru was aware of your devotion.
You visited 1 branch of the dungeon, and saw 8 of its levels.

You collected 358 gold pieces.


Innate Abilities, Weirdness & Mutations

You have a pair of horns on your head.
You reflexively headbutt those who attack you in melee.
Your magical capacity is low. (-10% MP)
You are robust. (+10% HP)
Your spells are a little easier to cast, but a little less powerful.


   Skills:
 - Level 7.0(12.0) Fighting
 + Level 11.1(16.1) Ranged Weapons
 - Level 3.0(8.0) Armour
 - Level 5.0(10.0) Dodging
 - Level 1.0 Spellcasting
 - Level 2.0 Hexes
 - Level 4.0 Invocations


You had 9 spell levels left.
You knew the following spells:

 Your Spells              Type           Power      Damage    Failure   Level
a - Slow                  Hex            12%        N/A       13%         1

Your spell library contained the following spells:

 Spells                   Type           Power      Damage    Failure   Level
 Inner Flame              Hex/Fire       1%         N/A       52%         3
 Portal Projectile        Hex/Tloc       2%         N/A       52%         3
 Cause Fear               Hex            1%         N/A       80%         4

Inventory:

Hand Weapons
 Y - a +1 sling of freezing (weapon)
Armour
 e - a +0 pair of boots (worn)
 l - a +0 pair of gloves (worn)
 n - +0 steam dragon scales (worn)
Jewellery
 f - a ring of protection from cold (right hand)
 k - a +6 ring of strength (left hand)
Scrolls
 a - a scroll of identify
Potions
 c - a potion of enlightenment
 d - a potion of magic
 g - a potion of resistance
 i - 2 potions of haste
 j - 2 potions of mutation
 m - 3 potions of might
 p - a potion of curing {unknown}

Dungeon Overview and Level Annotations

Branches:
Dungeon (8/15)             Temple (0/1) D:7
   Lair: D:8-11

Altars:
Cheibriados
Gozag
Kikubaaqudgha
Makhleb
Nemelex Xobeh
Okawaru
Ru
Uskayaw
Xom
The Shining One

Shops:
D:1 [   D:7 *

Annotations:
D:4 2 transporters, 1 runed translucent door, Crazy Yiuf


Message History

Your base Ranged Weapons skill increases to level 11!
You shoot a sling bullet. The sling bullet hits the wight!
The sling bullet freezes the wight.
You destroy the wight!
Okawaru accepts your kill.
You shoot a sling bullet.
The sling bullet closely misses the wight.
A wight comes into view. It is wielding a +5 falchion.
The wight hits you with a +3 mace!
You feel drained. The gnoll misses you.
You shoot a sling bullet.
The sling bullet barely misses the wight.
The wight misses you.
You shoot a sling bullet.
The sling bullet hits the wight but does no damage.
The wight is lightly damaged.
You shoot a sling bullet.
The sling bullet closely misses the wight.
The wight completely misses you. You furiously retaliate!
You headbutt the wight. You shoot a sling bullet.
The sling bullet barely misses the wight.
The wight barely misses you.
You shoot a sling bullet.
The sling bullet hits the wight but does no damage.
The wight is moderately damaged.
You shoot a sling bullet.
The sling bullet hits the wight but does no damage.
The wight is moderately damaged.
You feel like a meek peon again. The wight completely misses you.
You furiously retaliate!
You headbutt the wight. The wight hits you with a +5 falchion!
You feel drained.
7163 ||| INVOKING Heroism.
You gain the combat prowess of a mighty hero.
The wight hits you with a +5 falchion. The wight misses you.
The gnoll barely misses you.
You shoot a sling bullet.
The sling bullet hits the wight but does no damage.
The wight is moderately damaged.
The wight misses you. The wight hits you with a +3 mace.
You die...

.....# #....# g. #....#
z #....# . #....######
.# #....(...##g##..
#......@z#......
#......z%g......
#######........######.
#.......#+###?......#
#.......# #.......#
#.......# #.......#
#.......# #.......#
##+#.......###+#.......#
...#####.............###


You could see 2 wights and a gnoll.

Vanquished Creatures
  Pikel (D:7)
  Sigmund (D:3)
  2 steam dragons (D:7)
  2 black bears (D:6)
  3 ice beasts
  An ogre (D:6)
  2 phantoms (D:5)
  A kobold brigand (D:7)
  4 bullfrogs
  A gnoll sergeant (D:8)
  5 wights
  A howler monkey (D:8)
  An orc priest (D:5)
  5 hounds
  A jelly (D:6)
  2 orc wizards (D:6)
  2 sleepcaps
  2 iguanas (D:6)
  10 adders
  16 gnolls
  2 white imps
  3 ufetubi
  8 orcs
  4 bats
  6 endoplasms
  3 giant cockroaches
  3 goblins
  4 hobgoblins
  9 kobolds
  5 quokkas
  2 ball pythons (D:4)
  2 frilled lizards
  A rat (D:1)
115 creatures vanquished.

Vanquished Creatures (others)
  An orc wizard (D:5)
1 creature vanquished.

Grand Total: 116 creatures vanquished

Notes
Turn   | Place    | Note
-------+----------+-------------------------------------------
     0 | D:1      | qw the Minotaur Hexslinger began the quest for the Orb.
     0 | D:1      | Reached XP level 1. HP: 16/16 MP: 1/1
     0 | D:1      | 0 ||| qw: Version: 0.3-a-52-g30416fa
     0 | D:1      | 0 ||| qw: Game counter: 5601
     0 | D:1      | 0 ||| qw: Melee chars always use a shield: true
     0 | D:1      | 0 ||| qw: God list: Okawaru
     0 | D:1      | 0 ||| qw: Allow faded altars: false
     0 | D:1      | 0 ||| qw: Do Orc after clearing Dungeon:15 true
     0 | D:1      | 0 ||| qw: Do second Lair branch before Depths: true
     0 | D:1      | 0 ||| qw: Lair rune preference: random
     0 | D:1      | 0 ||| qw: Goals: Normal
     0 | D:1      | 0 ||| PLANNING D:1-11
   143 | D:1      | Reached skill level 3 in Ranged Weapons
   143 | D:1      | Reached XP level 2. HP: 23/23 MP: 2/2
   295 | D:1      | Found Duatriep's Antique Armour Boutique.
   874 | D:1      | 874 ||| SHOPLISTING embroidered cloak (157 gold, have 39).
   874 | D:1      | 874 ||| SHOPLISTING leather armour (42 gold, have 39).
   874 | D:1      | 874 ||| SHOPLISTING ring mail (84 gold, have 39).
   968 | D:1      | 968 ||| UPGRADING to +0 pair of boots.
   973 | D:1      | 973 ||| UPGRADING to +0 pair of gloves.
   978 | D:1      | 978 ||| UPGRADING to +6 ring of strength.
   979 | D:1      | 979 ||| READING 3 scrolls labelled UCOGIDOHIAT.
   980 | D:1      | 980 ||| READING 2 scrolls labelled DICKEMN AG GEF.
   981 | D:1      | 981 ||| DRINKING 2 dark potions.
   982 | D:1      | 982 ||| DRINKING 2 fizzy purple potions.
  1010 | D:1      | 1010 ||| DRINKING 3 smoky black potions.
  1010 | D:1      | Gained mutation: Your magical capacity is low. (-10% MP)
                  | [potion of mutation]
  1010 | D:1      | Gained mutation: Your spells are a little easier to cast,
                  | but a little less powerful. [potion of mutation]
  1010 | D:1      | Gained mutation: You are robust. (+10% HP) [potion of
                  | mutation]
  1018 | D:1      | 1018 ||| READING 2 scrolls of identify.
  1018 | D:1      | 1018 ||| IDENTIFYING red potion
  1019 | D:1      | 1019 ||| DROPPING scroll of poison.
  1020 | D:1      | 1020 ||| DROPPING potion of brilliance.
  1021 | D:1      | 1021 ||| DROPPING scroll of immolation.
  1022 | D:1      | 1022 ||| DROPPING potion of lignification.
  1114 | D:2      | Found a burning altar of Makhleb.
  1134 | D:2      | Reached XP level 3. HP: 25/31 MP: 3/3
  1523 | D:2      | Reached skill level 4 in Ranged Weapons
  1622 | D:2      | 1622 ||| UPGRADING to +0 leather armour.
  1632 | D:2      | 1632 ||| DROPPING +0 robe.
  1633 | D:2      | 1633 ||| DROPPING amulet of magic regeneration.
  1634 | D:2      | 1634 ||| READING scroll labelled GOYSIV CENTUSA.
  2203 | D:3      | Reached XP level 4. HP: 37/39 MP: 3/3
  2311 | D:3      | Noticed Sigmund
  2313 | D:3      | 2313 ||| FLEEEEING.
  2314 | D:3      | 2314 ||| FLEEEEING.
  2315 | D:3      | 2315 ||| FLEEEEING.
  2316 | D:3      | 2316 ||| FLEEEEING.
  2317 | D:3      | 2317 ||| FLEEEEING.
  2325 | D:3      | 2325 ||| FLEEEEING.
  2326 | D:3      | 2326 ||| FLEEEEING.
  2327 | D:3      | 2327 ||| FLEEEEING.
  2328 | D:3      | 2328 ||| FLEEEEING.
  2329 | D:3      | 2329 ||| FLEEEEING.
  2330 | D:3      | 2330 ||| FLEEEEING.
  2331 | D:3      | 2331 ||| FLEEEEING.
  2336 | D:3      | 2336 ||| FLEEEEING.
  2337 | D:3      | 2337 ||| FLEEEEING.
  2371 | D:3      | HP: 7/39 [something/puff of flame (7)]
  2376 | D:3      | Killed Sigmund
  2377 | D:3      | Reached skill level 6 in Ranged Weapons
  2377 | D:3      | Reached XP level 5. HP: 7/45 MP: 4/4
  2521 | D:3      | Found a sparkling altar of Nemelex Xobeh.
  2812 | D:3      | 2812 ||| UPGRADING to +0 ring mail.
  2822 | D:3      | 2822 ||| DROPPING +0 leather armour.
  2823 | D:3      | 2823 ||| READING scroll labelled ESEKLI ZEOSEN.
  2824 | D:3      | 2824 ||| READING scroll labelled XUROODYDAE.
  2845 | D:4      | 2845 ||| STAIRDANCE
  2848 | D:3      | Reached skill level 1 in Armour
  3011 | D:4      | Reached XP level 6. HP: 54/55 MP: 5/5
  3089 | D:4      | Found an iron altar of Okawaru.
  3090 | D:4      | 3090 ||| PLANNING OKAWARU WORSHIP
  3090 | D:4      | 3090 ||| DRINKING 3 metallic sapphire potions.
  3091 | D:4      | 3091 ||| READING 2 scrolls of identify.
  3091 | D:4      | 3091 ||| IDENTIFYING fuming pink potion
  3092 | D:4      | Found an ancient bone altar of Kikubaaqudgha.
  3100 | D:4      | Became a worshipper of Warmaster Okawaru
  3101 | D:4      | 3101 ||| PLANNING D:1-11
  3119 | D:4      | Found a snail-covered altar of Cheibriados.
  3122 | D:4      | Found a shimmering altar of Xom.
  3122 | D:4      | Found a sacrificial altar of Ru.
  3124 | D:4      | Found a snail-covered altar of Cheibriados.
  3124 | D:4      | Found an opulent altar of Gozag.
  3124 | D:4      | Found a hide-covered altar of Uskayaw.
  3153 | D:4      | Found a transporter.
  3155 | D:4      | Found a transporter.
  3405 | D:4      | Found a runed translucent door.
  3406 | D:4      | Noticed Crazy Yiuf
  3513 | D:4      | 3513 ||| READING scroll labelled NUNLOCI CODDA.
  3514 | D:4      | 3514 ||| READING 2 scrolls of identify.
  3514 | D:4      | 3514 ||| IDENTIFYING pink potion
  3515 | D:4      | 3515 ||| DROPPING potion of degeneration.
  3554 | D:5      | Entered Level 5 of the Dungeon
  3665 | D:5      | 3665 ||| Stepping ~*~*~tactically~*~*~ (outnumbered).
  3668 | D:5      | Reached skill level 3 in Fighting
  3850 | D:5      | Noticed an ice beast
  3860 | D:5      | Killed an ice beast
  4084 | D:5      | Noticed an ice beast
  4090 | D:5      | Reached skill level 7 in Ranged Weapons
  4090 | D:5      | Reached XP level 7. HP: 58/66 MP: 6/6
  4105 | D:5      | Reached * piety under Okawaru
  4106 | D:5      | Reached skill level 3 in Armour
  4106 | D:5      | 4106 ||| INVOKING Heroism.
  4332 | D:5      | HP: 5/52 [orc priest/divine providence (16)]
  4333 | D:5      | 4333 ||| DRINKING 2 potions of heal wounds.
  4340 | D:5      | HP: 12/51 [orc priest/+0 falchion (5)]
  4341 | D:5      | 4341 ||| DRINKING potion of heal wounds.
  4588 | D:5      | Reached skill level 8 in Ranged Weapons
  4787 | D:5      | 4787 ||| DROPPING ring of flight.
  4788 | D:5      | 4788 ||| READING 2 scrolls labelled YWKIONYTAT.
  4889 | D:5      | 4889 ||| READING 3 scrolls of identify.
  4889 | D:5      | 4889 ||| IDENTIFYING golden potion
  4890 | D:5      | 4890 ||| READING 2 scrolls of identify.
  4890 | D:5      | 4890 ||| IDENTIFYING lumpy ruby potion
  4891 | D:5      | 4891 ||| DROPPING scroll of silence.
  5028 | D:6      | Reached skill level 1 in Invocations
  5042 | D:6      | 5042 ||| INVOKING Heroism.
  5080 | D:6      | 5080 ||| INVOKING Heroism.
  5088 | D:6      | Reached XP level 8. HP: 70/74 MP: 4/7
  5207 | D:6      | 5207 ||| INVOKING Heroism.
  5216 | D:6      | Reached skill level 3 in Dodging
  5354 | D:6      | Reached skill level 3 in Invocations
  5462 | D:6      | Found a glowing golden altar of the Shining One.
  5725 | D:6      | Found a sacrificial altar of Ru.
  5785 | D:6      | 5785 ||| UPGRADING to ring of protection from cold.
  5786 | D:6      | 5786 ||| READING 4 scrolls of identify.
  5786 | D:6      | 5786 ||| IDENTIFYING glowing sapphire potion
  5787 | D:6      | 5787 ||| READING 3 scrolls of identify.
  5787 | D:6      | 5787 ||| IDENTIFYING emerald potion
  5788 | D:6      | 5788 ||| READING 2 scrolls of identify.
  5788 | D:6      | 5788 ||| IDENTIFYING smoky red potion
  5789 | D:6      | 5789 ||| DROPPING potion of ambrosia.
  5790 | D:6      | 5790 ||| DROPPING potion of attraction.
  5828 | D:7      | 5828 ||| INVOKING Heroism.
  5835 | D:7      | Reached skill level 9 in Ranged Weapons
  5836 | D:7      | 5836 ||| STAIRDANCE
  5838 | D:6      | HP: 17/74 [kobold/+0 club (3)]
  5839 | D:6      | 5839 ||| DRINKING potion of heal wounds.
  5843 | D:6      | HP: 17/75 [poisoned by a kobold brigand]
  6056 | D:7      | 6056 ||| STAIRDANCE
  6131 | D:7      | 6131 ||| STAIRDANCE
  6216 | D:7      | Reached skill level 6 in Fighting
  6219 | D:7      | 6219 ||| INVOKING Heroism.
  6253 | D:7      | 6253 ||| FLEEEEING.
  6254 | D:7      | 6254 ||| FLEEEEING.
  6260 | D:7      | 6260 ||| INVOKING Heroism.
  6278 | D:7      | Noticed Pikel
  6283 | D:7      | 6283 ||| INVOKING Heroism.
  6286 | D:7      | Killed Pikel
  6286 | D:7      | Reached ** piety under Okawaru
  6287 | D:7      | Reached skill level 10 in Ranged Weapons
  6287 | D:7      | Reached XP level 9. HP: 63/82 MP: 6/9
  6435 | D:7      | Found Gozag's Platinum Reserve.
  6474 | D:7      | Found an opulent altar of Gozag.
  6487 | D:7      | Found a staircase to the Ecumenical Temple.
  6586 | D:7      | 6586 ||| SHOPLISTING amulet of Zisiejai {Regen+ Int+2}
                  | (4120 gold, have 347).
  6586 | D:7      | 6586 ||| SHOPLISTING ring "Gelogh" {Ice Dex+5} (4250 gold,
                  | have 347).
  6586 | D:7      | 6586 ||| SHOPLISTING ring "Pydd" {Wiz *Corrode rN++ Dex+4
                  | SInv} (5450 gold, have 347).
  6656 | D:7      | 6656 ||| Stepping ~*~*~tactically~*~*~ (cloud).
  6657 | D:7      | 6657 ||| INVOKING Heroism.
  6664 | D:7      | 6664 ||| Stepping ~*~*~tactically~*~*~ (cloud).
  6942 | D:7      | 6942 ||| UPGRADING to +0 steam dragon scales.
  6952 | D:7      | 6952 ||| DROPPING +0 ring mail.
  6953 | D:7      | 6953 ||| READING scroll labelled UHAETA SU ZOGADE.
  6958 | D:7      | 6958 ||| READING 2 scrolls of identify.
  6958 | D:7      | 6958 ||| IDENTIFYING murky green potion
  6959 | D:7      | 6959 ||| DROPPING potion of berserk rage.
  6967 | D:8      | 6967 ||| PLANNING OSSUARY
  6967 | D:8      | 6967 ||| STAIRDANCE
  7113 | D:8      | 7113 ||| Stepping ~*~*~tactically~*~*~ (outnumbered).
  7118 | D:8      | 7118 ||| Stepping ~*~*~tactically~*~*~ (outnumbered).
  7124 | D:8      | 7124 ||| INVOKING Heroism.
  7155 | D:8      | Reached skill level 11 in Ranged Weapons
  7156 | D:8      | HP: 20/86 [wight/+3 mace (8)]
  7162 | D:8      | HP: 7/84 [wight/+5 falchion (12)]
  7163 | D:8      | 7163 ||| INVOKING Heroism.
  7163 | D:8      | HP: 3/82 [wight/+5 falchion (4)]
  7164 | D:8      | Slain by a wight

Levels and vault maps discovered:
D:1:      ncdulo_watergridlock, layout_basic, serial_shops,
          nicolae_shop_window_shopping, wander_ebering_terrifying_dragon_lair
D:2:      layout_basic, basic_altar
D:3:      layout_basic, nemelex_diamond_rough_becter,
          chequers_serial_rivers_micro_c, minmay_cut_off, uniq_sigmund
D:4:      gammafunk_steamed_eel, layout_rooms, grunt_temple_overflow_open,
          doesnt_xom_only_xom, serial_corexii_hall, chequers_hall_statues_y,
          chequers_hall_statues_y, kennysheep_generic_room_2,
          uniq_crazy_yiuf_cottage
D:5:      layout_loops_ring
D:6:      layout_gridville, tso_oasis_becter, kennysheep_little_box,
          nicolae_concentric_dashed_squares_wild
D:7:      layout_gridville, nicolae_gozag_zags_fifth_avenue,
          minmay_temple_entry_wispy, uniq_pikel
D:8:      layout_gridville, david_lair_generic, nicolae_ossuary_entry_catacombs

Skill      XL: |  1  2  3  4  5  6  7  8  9 |
---------------+----------------------------+-----
Ranged Weapons | 3 4 6 7 8 10 11 | 11.1
Fighting       | 2 4 5 6 7 |  7.0
Armour         | 1 3 |  3.0
Invocations    | 2 4 |  4.0
Dodging        | 3 5 |  5.0
Spellcasting   | |  1.0
Hexes          | |  2.0

Action                     |  1- 3 |  4- 6 |  7- 9 || total
---------------------------+-------+-------+-------++-------
   Fire: Sling             |    95 |   117 |   335 ||   547
 Invoke: Heroism           |       |       |    11 ||    11
    Use: Scroll            |     4 |     5 |     8 ||    17
         Potion            |     3 |     1 |     3 ||     7
 Armour: Robe              |     4 |       |       ||     4
         Leather armour    |     3 |     5 |       ||     8
         Ring mail         |       |    14 |    66 ||    80
         Steam dragon scal |       |       |     3 ||     3
  Dodge: Dodged            |    20 |    32 |   137 ||   189

Table legend:
 A = Non-vault XP
 B = Vault XP
 C = Vault XP percentage of total XP
 D = Non-vault monster count
 E = Vault monster count
 F = Vault count percentage of total count
                 A         B        C        D         E       F
            +---------+---------+-------+---------+---------+-------
      Total |    3379 |     870 |  20.5 |     112 |       4 |   3.4
            +---------+---------+-------+---------+---------+-------
        D:1 |      32 |       1 |   3.0 |      11 |       1 |   8.3
        D:2 |      41 |       0 |   0.0 |      10 |       0 |   0.0
        D:3 |      43 |     226 |  84.0 |      10 |       1 |   9.1
        D:4 |      65 |       2 |   3.0 |       7 |       1 |  12.5
        D:5 |     750 |       0 |   0.0 |      20 |       0 |   0.0
        D:6 |     988 |       0 |   0.0 |      27 |       0 |   0.0
        D:7 |    1110 |     641 |  36.6 |      19 |       1 |   5.0
        D:8 |     350 |       0 |   0.0 |       8 |       0 |   0.0
            +---------+---------+-------+---------+---------+-------
